 Dungeon Crawl Stone Soup version 0.26.0-3-g156281e41b (webtiles) character file.

Game seed: 4200069516419382520

121 trckry the Cudgeller (level 4, -4/52 HPs)
             Began as a Demonspawn Wanderer on Jan 9, 2021.
             Killed from afar by an orc wizard (7 damage)
             ... with a magic dart
             ... on level 3 of the Dungeon.
             The game lasted 00:06:19 (3042 turns).

trckry the Cudgeller (Demonspawn Wanderer)          Turns: 3042, Time: 00:06:19

Health: -4/52      AC: 22    Str: 12    XL:     4   Next: 77%
Magic:  4/4        EV:  2    Int: 15    God:
Gold:   145        SH:  0    Dex: 12    Spells: 3/3 levels left

rFire    . . .     SeeInvis .   a - +0 mace
rCold    . . .     Faith    .   (no shield)
rNeg     + + +     Spirit   .   (armour currently unavailable)
rPois    +         Reflect  .   (helmet currently unavailable)
rElec    .         Harm     .   (cloak currently unavailable)
rCorr    .         Rampage  .   (gloves currently unavailable)
Will     .....     NoTele   +   (boots currently unavailable)
Stlth    ++........             (no amulet)
HPRegen  0.17/turn              l - ring of poison resistance
MPRegen  0.09/turn              (no ring)

@: agile, tree-form
A: demonic guardian 1, powered by pain 1
a: no special abilities


You were on level 3 of the Dungeon.
You were a tree.
You visited 1 branch of the dungeon, and saw 3 of its levels.

You collected 145 gold pieces.

Inventory:

Hand Weapons
 a - a +0 mace (weapon)
Missiles
 p - 12 boomerangs
Armour
 e - a +0 pair of gloves (melded)
 h - a +0 leather armour (melded)
Jewellery
 l - a ring of poison resistance (left branch)
 q - an uncursed ring of willpower
Wands
 b - a wand of enslavement (13) (quivered)
Scrolls
 i - 4 scrolls of identify {unknown}
 k - a scroll of enchant armour {unknown}
 n - a scroll of magic mapping {unknown}
 o - 2 scrolls of remove curse {unknown}
 r - a scroll of immolation {unknown}
Potions
 c - 2 potions of lignification
 d - 2 potions of haste {unknown}
 f - 3 potions of mutation {unknown}
 g - 2 potions of curing {unknown}
 j - a potion of heal wounds {unknown}
 m - a potion of might {unknown}


   Skills:
 + Level 3.0 Fighting
 - Level 1.0 Long Blades
 + Level 3.4 Maces & Flails
 + Level 2.2 Armour
 - Level 1.0 Dodging
 - Level 1.0 Stealth
 + Level 2.4 Evocations


You had 3 spell levels left.
You didn't know any spells.
Your spell library contained the following spells:

 Spells                   Type           Power        Failure   Level
 Beastly Appendage        Tmut           0%           26%         1
 Wereblood                Tmut           0%           38%         2
 Spider Form              Tmut/Pois      0%           63%         3
 Ice Form                 Ice/Tmut       0%           95%         4
 Blade Hands              Tmut           0%           100%        5


Dungeon Overview and Level Annotations

Branches:
Dungeon (3/15)

Altars:
Trog
Yredelemnul
The Shining One


Innate Abilities, Weirdness & Mutations

((You have sharp toenails.))
A weak demonic guardian rushes to your aid.
You sometimes gain a little power by taking damage.


Message History

You kill the orc!
p - 12 boomerangs (gained 5)
You see here a +0 dagger.
The orc wizard gestures at you while chanting.
The puff of flame hits you!
* * * LOW HITPOINT WARNING * * *
You focus on the pain.
You feel agile all of a sudden.
Items here: )) [ †.
You see here a +0 dagger.
Really quaff the potion of lignification?
You turn into a tree.
Your +0 pair of gloves melds into your body.
Your +0 leather armour melds into your body.
Your roots penetrate the ground.
The orc wizard hits you but does no damage.
You closely miss the orc wizard.
Your shadow imp misses the orc wizard.
The orc wizard gestures at you while chanting.
The magic dart hits you!
You die...

#........# #...
##..#...#..##..# #
#..........o#..#####
#..........o#.....#.
#.... .....o#.###...
#...#...#.. #.# ###.
#.5)......###.# ##
#.o#########..# #
#..♣.........##
#.############ #.#
#.# #.# #.#
#.##################
#...................
######.#########


You could see an orc wizard and a friendly shadow imp (summoned).

Vanquished Creatures
  An orc priest (D:3)
  2 adders (D:2)
  2 oozes (D:1)
  A worm (D:2)
  2 dart slugs (D:1)
  2 leopard geckos (D:2)
  3 orcs (D:3)
  8 bats
  2 giant cockroaches
  6 goblins
  5 hobgoblins
  8 jackals (D:2)
  9 kobolds
  A ball python (D:2)
  A frilled lizard (D:3)
  2 gnoll zombies (D:2)
  7 rats
62 creatures vanquished.

Vanquished Creatures (collateral kills)
  An adder (D:2)
  A giant cockroach (D:2)
2 creatures vanquished.

Vanquished Creatures (others)
  An adder (D:2)
1 creature vanquished.

Grand Total: 65 creatures vanquished

Notes
Turn   | Place    | Note
-------+----------+-------------------------------------------
     0 | D:1      | trckry the Demonspawn Wanderer began the quest for the Orb.
     0 | D:1      | trckry set off with the following items: a +0 mace, a wand
                  | of enslavement (15), a potion of lignification, a +0 robe
     0 | D:1      | Reached XP level 1. HP: 16/16 MP: 1/1
   167 | D:1      | Gained mutation: You sometimes gain a little power by
                  | taking damage. [demonic ancestry]
   167 | D:1      | Reached XP level 2. HP: 20/22 MP: 2/2
   530 | D:1      | Gained mutation: You have sharp toenails. [demonic
                  | ancestry]
   530 | D:1      | Reached XP level 3. HP: 18/28 MP: 3/3
  2006 | D:2      | Found a basalt altar of Yredelemnul.
  2099 | D:2      | Gained mutation: A weak demonic guardian rushes to your
                  | aid. [demonic ancestry]
  2099 | D:2      | Reached XP level 4. HP: 34/34 MP: 4/4
  2595 | D:2      | Found a glowing golden altar of the Shining One.
  2944 | D:3      | Found a bloodstained altar of Trog.
  3042 | D:3      | Killed from afar by an orc wizard

Illustrated notes

Levels and vault maps discovered:
D:1:      saegor_arrival_simple_b, layout_basic
D:2:      minmay_recursive_quarters, layout_loops_corners,
          lemuel_zombie_altar_yredelemnul, grunt_ministairs_3, tso_altar
D:3:      cheibrodos_pilgrimage, layout_basic, nicolae_overflow_hidden_temple,
          nicolae_ru_great_annihilating_truth, marbit_many_paths,
          lemuel_round_altar

Skill      XL: |  1  2  3  4 |
---------------+-------------+-----
Maces & Flails | 3 |  3.4
Evocations     | 2 |  2.4
Armour         | 2 |  2.2
Fighting       | 3 |  3.0
Long Blades    | |  1.0
Dodging        | |  1.0
Stealth        | |  1.0

Action                   |  1- 3 |  4- 6 || total
-------------------------+-------+-------++-------
Melee: Mace              |   164 |    55 ||   219
       Kick              |    19 |     8 ||    27
Evoke: Wand              |     1 |     1 ||     2
  Use: Potion            |       |     1 ||     1
Armor: Robe              |     9 |       ||     9
       Leather armour    |    50 |    17 ||    67
       Skin              |       |     1 ||     1
Dodge: Dodged            |   108 |    37 ||   145
